 Dungeon Crawl Stone Soup version 0.22-a0-608-g8a62e23 (webtiles) character file.

63 sking99 the Poker (level 4, -3/34 HPs)
             Began as a Merfolk Skald on July 10, 2018.
             Slain by Crazy Yiuf
             ... wielding a +3 quarterstaff of chaos
              (4 damage)
             ... on level 2 of the Dungeon.
             The game lasted 00:04:33 (2361 turns).

sking99 the Poker (Merfolk Skald)                   Turns: 2361, Time: 00:04:34

Health: -3/34      AC:  4    Str: 11    XL:     4   Next: 10%
Magic:  0/7        EV: 12    Int: 13    God:
Gold:   72         SH:  0    Dex: 13    Spells: 3/8 levels left

rFire    . . .     SeeInvis .   a - +0 spear
rCold    . . .     Gourm    .   (no shield)
rNeg     . . .     Faith    .   b - +0 leather armour
rPois    .         Spirit   .   (no helmet)
rElec    .         Reflect  .   (no cloak)
rCorr    .         Harm     .   o - +0 pair of gloves
MR       .....                  (no boots)
Stlth    +.........             (no amulet)
HPRegen  0.11/turn              (no ring)
MPRegen  0.10/turn              (no ring)

@: very slightly contaminated, drained
A: change form in water, swift swim, stealthy swim
a: no special abilities


You were on level 2 of the Dungeon.
You were not hungry.

You visited 1 branch of the dungeon, and saw 2 of its levels.

You collected 72 gold pieces.

Inventory:

Hand Weapons
 a - a +0 spear (weapon)
Armour
 b - a +0 leather armour (worn)
 o - a +0 pair of gloves (worn)
Scrolls
 f - 3 scrolls of teleportation {unknown}
 h - a scroll of random uselessness {unknown}
 j - a scroll of identify {unknown}
 k - 2 scrolls of remove curse {unknown}
 l - a scroll of fog {unknown}
 m - a scroll of fear {unknown}
Potions
 c - a potion of magic {unknown}
 e - a potion of resistance {unknown}
 g - 4 potions of brilliance {unknown}
 i - 2 potions of curing {unknown}
Comestibles
 d - 4 rations
 n - 5 chunks of flesh


   Skills:
 + Level 2.7(2.5) Fighting
 * Level 4.3(4.1) Polearms
 - Level 0.6(0.3) Armour
 - Level 2.6(2.4) Dodging
 + Level 2.5(2.2) Spellcasting
 + Level 3.6(3.4) Charms
 + Level 0.6(0.4) Translocations


You had 3 spell levels left.
You knew the following spells:

 Your Spells              Type           Power        Failure   Level  Hunger
a - Infusion              Chrm           ##..         9%          1    ##.....
b - Song of Slaying       Chrm           ##......     12%         2    ###....
c - Shroud of Golubria    Chrm/Tloc      #.........   22%         2    ###....

Your spell library contained the following spells:

 Spells                   Type           Power        Failure   Level  Hunger
 Regeneration             Chrm/Necr      #.........   43%         3    ####...
 Spectral Weapon          Hex/Chrm       #.......     43%         3    ####...


Dungeon Overview and Level Annotations

Branches:
Dungeon (2/15)

Altars:

Annotations:
D:2 Crazy Yiuf


Message History

You hit Crazy Yiuf.
Crazy Yiuf is moderately wounded.
Crazy Yiuf hits you with a quarterstaff of chaos.
* * * LOW HITPOINT WARNING * * *
Your shroud falls apart!
Crazy Yiuf draws strength from your wounds!
Some of the chunks of flesh in your inventory have rotted away.
You hit Crazy Yiuf but do no damage.
Crazy Yiuf is moderately wounded.
Crazy Yiuf closely misses you.
You closely miss Crazy Yiuf.
Crazy Yiuf is moderately wounded.
Crazy Yiuf closely misses you.
You barely miss Crazy Yiuf.
Crazy Yiuf is moderately wounded.
Crazy Yiuf barely misses you.
You hit Crazy Yiuf.
Crazy Yiuf is moderately wounded.
Crazy Yiuf hits you with a quarterstaff of chaos.
You die...

##############......######
##### #########......# #...#
##.....########.# #..[#
#####.......## #.# ....#
#.##.........# #.# ....#
#..#.........# ##.#### ....#
##...........#####.....#
##########...................#
####...........g@...####..####
[(.).######.......#####...#
.##...####.......(......#.#
#####...##.........######.# #
###>.#.....>...# #.# #
############## #.# ### #.# ..#
#.# #.###♣♣ ### ### #.#


You could see Crazy Yiuf.

Vanquished Creatures
  An ooze (D:1)
  A worm (D:2)
  A ball python (D:1)
  5 giant cockroaches
  7 goblins
  11 hobgoblins
  5 jackals (D:1)
  2 quokkas (D:2)
  A bat (D:2)
  5 frilled lizards
  5 kobolds
  6 rats
50 creatures vanquished.

Notes
Turn   | Place    | Note
-------+----------+-------------------------------------------
     0 | D:1      | sking99 the Merfolk Skald began the quest for the Orb.
     0 | D:1      | Reached XP level 1. HP: 16/16 MP: 3/3
   272 | D:1      | Reached XP level 2. HP: 12/23 MP: 0/5
   530 | D:1      | Learned a level 2 spell: Song of Slaying
   533 | D:1      | Learned a level 2 spell: Shroud of Golubria
   728 | D:1      | Reached XP level 3. HP: 24/28 MP: 0/6
  1132 | D:1      | Reached skill level 4 in Polearms
  2070 | D:2      | Reached XP level 4. HP: 33/34 MP: 7/7
  2191 | D:2      | Found a runed door.
  2312 | D:2      | Noticed Crazy Yiuf
  2357 | D:2      | HP: 1/34 [Crazy Yiuf/quarterstaff of chaos (3)]
  2361 | D:2      | Slain by Crazy Yiuf

Vault maps used:
D:1:      elethiomel_arrival_infinity_welcomes_careful_drivers
D:2:      uniq_crazy_yiuf_cottage

Skill      XL: |  1  2  3 |
---------------+----------+-----
Polearms       | 4 |  4.3
Fighting       | |  2.7
Armour         | |  0.6
Dodging        | |  2.6
Spellcasting   | |  2.5
Charms         | |  3.6
Translocations | |  0.6

Action                   |  1- 3 |  4- 6 || total
-------------------------+-------+-------++-------
Melee: Spear             |   193 |    24 ||   217
 Cast: Infusion          |    11 |     4 ||    15
       Shroud of Golubri |       |     1 ||     1
       Song of Slaying   |       |     1 ||     1
 Stab: Sleeping          |     2 |       ||     2
  Eat: Chunk             |     4 |     1 ||     5
Armor: Leather armour    |    23 |     2 ||    25
Dodge: Dodged            |    79 |    10 ||    89

Table legend:
 A = Spawn XP
 B = Non-spawn XP
 C = Spawn XP percentage of total XP
 D = Spawn monster count
 E = Non-spawn monster count
 F = Spawn count percentage of total count
 G = Total turns spent on level
                    A         B        C        D         E        F      G
               +---------+---------+-------+---------+---------+-------+---------
         Total |       0 |      91 |   0.0 |       0 |      50 |   0.0 |  2361
               +---------+---------+-------+---------+---------+-------+---------
           D:1 |       0 |      62 |   0.0 |       0 |      34 |   0.0 |  1551
           D:2 |       0 |      29 |   0.0 |       0 |      16 |   0.0 |   810
               +---------+---------+-------+---------+---------+-------+---------
